 Dungeon Crawl Stone Soup version 0.26-a0-639-g72c4674329 (webtiles) character file.

Game seed: 3629662930816084832

81 LychAStronaut the Sneak (level 4, 0/26 HPs)
             Began as a Vampire Brigand on Sept 24, 2020.
             Slain by an adder (3 damage)
             ... on level 3 of the Dungeon on Sept 26, 2020.
             The game lasted 01:31:30 (4014 turns).

LychAStronaut the Sneak (Vampire Brigand)           Turns: 4014, Time: 01:31:31

Health: 0/26       AC:  4    Str: 10    XL:     4   Next: 20%
Magic:  4/4        EV: 12    Int: 13    God:
Gold:   138        SH:  0    Dex: 16    Spells: 3/3 levels left

rFire    . . .     SeeInvis +   a - +2 dagger
rCold    + + .     Faith    .   (no shield)
rNeg     + + +     Spirit   .   F - +0 leather armour
rPois    ∞         Reflect  .   L - +0 helmet
rElec    .         Harm     .   H - scarf {+Inv}
rCorr    .         Rampage  .   (no gloves)
MR       .....                  (no boots)
Stlth    ++++++....             (no amulet)
HPRegen  0.00/turn              (no ring)
MPRegen  0.09/turn              (no ring)

@: bloodless
A: fangs 3, see invisible, unbreathing
a: Bat Form, Revivify, Evoke Invisibility


You were on level 3 of the Dungeon.
You visited 1 branch of the dungeon, and saw 4 of its levels.

You collected 138 gold pieces.

Inventory:

Hand Weapons
 a - a +2 dagger (weapon)
 h - a +0 dagger
 n - a +0 short sword
 p - a +0 war axe
 y - a +0 spear
 B - a +0 war axe of draining
 D - a +0 whip
 P - a +0 hunting sling
Missiles
 d - 7 poisoned darts
 e - 2 curare-tipped darts
 w - 23 arrows
 z - 58 sling bullets
 A - 65 stones
 C - 10 bolts
 N - 3 silver javelins (quivered)
Armour
 b - a +0 robe
 c - a +0 cloak
 g - a +0 robe
 i - a +0 cloak
 k - a +0 chain mail
 s - a +0 ring mail
 F - a +0 leather armour (worn)
 G - a +0 leather armour
 H - a scarf of invisibility (worn)
 J - a +0 cloak
 L - a +0 helmet (worn)
Magical Staves
 j - an uncursed staff of conjuration
 r - an uncursed staff of poison {unknown}
Jewellery
 x - a +4 ring of slaying {unknown}
 E - an uncursed ring of resist corrosion {unknown}
Scrolls
 l - 5 scrolls of identify
 u - 3 scrolls of teleportation {unknown}
 v - 2 scrolls of immolation {unknown}
 I - a scroll of fog {unknown}
 K - a scroll of enchant armour {unknown}
Potions
 m - 3 potions of flight {unknown}
 q - a potion of haste {unknown}
 t - a potion of invisibility {unknown}
 M - a potion of might {unknown}


   Skills:
 + Level 2.0 Fighting
 + Level 2.4 Short Blades
 + Level 1.9 Throwing
 + Level 0.9 Armour
 + Level 1.5 Dodging
 + Level 7.5 Stealth


You had 3 spell levels left.
You didn't know any spells.
Your spell library was empty.

Dungeon Overview and Level Annotations

Branches:
Dungeon (4/15)
 Temple: D:4-7

Altars:


Innate Abilities, Weirdness & Mutations

You do not regenerate when monsters are visible.
You are frail without blood (-20% HP).
You can heal yourself when you bite living creatures.
You are immune to poison.
You have razor-sharp teeth.
You have supernaturally acute eyesight. (SInv)
You can survive without breathing.


Message History

You hit the adder.
The adder is severely wounded.
The adder bites you but does no damage. The adder bites you.
You are too injured to fight recklessly!
You are too injured to fight recklessly!
The adder bites you.
* * * LOW HITPOINT WARNING * * *
The adder closely misses you. The adder barely misses you. The adder bites you.
* * * LOW HITPOINT WARNING * * *
As you read the scroll labeled MARHEPT DIMUYCUP, it crumbles to dust.
It is a scroll of identify.
j - an uncursed staff of conjuration The adder bites you.
* * * LOW HITPOINT WARNING * * *
As you read the scroll labeled CUXEIC SUGU, it crumbles to dust.
You feel blessed for a moment.
It was a scroll of remove curse.
The adder bites you.
You die...

#.#
#.>.......#
#<#
#.######..#
#.# #.# #..#
#.# #.# #..#
#.# #.# #..#
#.# #.# #..#
#.# #.# #..#
#.#
#.######S.#
#.#
#.......@.#
#.#
#########.##
#.#
#.........#
#.#
#.#########
#.###.####
#........#
########.##.#
.........##.#
###########.#


You could see an adder.

Vanquished Creatures
  2 adders
  An ooze (D:1)
  2 worms (D:3)
  3 orcs (D:3)
  4 bats
  4 giant cockroaches
  6 goblins
  7 hobgoblins
  3 jackals (D:3)
  A ball python (D:1)
  A frilled lizard (D:3)
  5 kobolds
  12 rats
51 creatures vanquished.

Notes
Turn   | Place    | Note
-------+----------+-------------------------------------------
     0 | D:1      | LychAStronaut the Vampire Brigand began the quest for the
                  | Orb.
     0 | D:1      | Reached XP level 1. HP: 16/16 MP: 1/1
   160 | D:1      | Reached skill level 6 in Stealth
   225 | D:1      | You fall into a shaft and drop 1 floor!
   263 | D:2      | Reached XP level 2. HP: 17/17 MP: 2/2
  1394 | D:1      | Reached XP level 3. HP: 21/21 MP: 3/3
  1418 | D:1      | Reached skill level 7 in Stealth
  3244 | D:3      | Reached XP level 4. HP: 26/26 MP: 4/4
  4014 | D:3      | Slain by an adder

Illustrated notes

Levels and vault maps discovered:
D:1:      elethiomel_arrival_diamonds, layout_loops_corners,
          minmay_indecisive_spiral
D:2:      layout_basic
D:3:      layout_loops_ring
D:4:      minmay_opposing_rooms, layout_basic, st_stairs_7, minmay_vboxes,
          uniq_eustachio, uniq_sigmund

Skill      XL: |  1  2  3 |
---------------+----------+-----
Stealth        | 6 7 |  7.5
Fighting       | 2 |  2.0
Short Blades   | |  2.4
Throwing       | |  1.9
Armour         | |  0.9
Dodging        | |  1.5

Action                   |  1- 3 |  4- 6 || total
-------------------------+-------+-------++-------
Melee: Dagger            |    67 |    24 ||    91
       Short sword       |    30 |       ||    30
       Bite              |    11 |     3 ||    14
 Fire: Hunting sling     |       |     7 ||     7
Throw: Dart              |     8 |       ||     8
       Javelin           |     4 |     1 ||     5
 Abil: Exsanguinate      |     1 |       ||     1
  Use: Potion            |     2 |     1 ||     3
       Scroll            |       |     2 ||     2
 Stab: Sleeping          |    15 |     2 ||    17
Armor: Robe              |     2 |       ||     2
       Chain mail        |    50 |       ||    50
       Leather armour    |     7 |     6 ||    13
Dodge: Dodged            |    22 |    23 ||    45

Table legend: (Time is in decaauts)
 A = Elapsed time spent in this place.
 B = Non-inter-level travel time spent in this place.
 C = Inter-level travel time spent in this place.
 D = Time resting spent in this place.
 E = Time spent auto-exploring this place.
 F = Levels seen in this place.
 G = Mean time per level.
                   A        B        C        D        E       F      G
               +--------+--------+--------+--------+--------+-----+--------+
         Total |   4002 |   3938 |     64 |    215 |   1016 |   4 | 1000.5 |
       Dungeon |   4002 |   3938 |     64 |    215 |   1016 |   4 | 1000.5 |
               +--------+--------+--------+--------+--------+-----+--------+

Top non-repeatable levels by time:
     D:2: 1429 daAuts
     D:3: 1395 daAuts
     D:1: 1153 daAuts
     D:4: 24 daAuts
